 Dungeon Crawl Stone Soup version 0.30-a0-953-g5f1da4a474 (webtiles) character file.

Game seed: 12809008133481247499

858 cheesebisquit the Covered (level 7, -1/64 HPs)
             Began as an Armataur Fighter on Mar 28, 2023.
             Slain by an acid dragon (4 damage)
             ... on level 5 of the Dungeon.
             The game lasted 00:13:04 (4402 turns).

cheesebisquit the Covered (Armataur Fighter)        Turns: 4402, Time: 00:13:04

Health: -1/64      AC: 11    Str: 33    XL:     7   Next: 71%
Magic:  6/6        EV:  6    Int:  7    God:
Gold:   329        SH:  5    Dex:  9    Spells: 6/6 levels left

rFire   x . .      SeeInvis .    a - +0 war axe
rCold   . . .      Faith    .    c - +0 buckler
rNeg    + . .      Spirit   .    b - +1 chain mail {rN+}
rPois   .          Reflect  .    y - +0 helmet
rElec   .          Roll     +    (no cloak)
rCorr   .                        (no gloves)
Will    .....                    (no barding) Stlth
                                 (no amulet)
HPRegen 0.30/turn                m - +6 ring of strength
MPRegen 0.10/turn                (no ring)

@: no status effects
A: large, rugged brown scales 3, deformed body, armoured tail, roll, long
tongue, awkward tongue, low MP 1, strong 1, heat vulnerability 1
a: no special abilities


You were on level 5 of the Dungeon.
You visited 1 branch of the dungeon, and saw 5 of its levels.

You collected 329 gold pieces.

Inventory:

Hand Weapons
 a - a +0 war axe (weapon)
Missiles
 s - 2 poisoned darts (quivered)
Armour
 b - a +1 chain mail of positive energy (worn)
 c - a +0 buckler (worn)
 y - a +0 helmet (worn)
Jewellery
 m - a +6 ring of strength (left hand)
 n - a ring of magical power
 v - a ring of ice
Wands
 g - a wand of roots (10)
 w - a wand of flame (9)
Scrolls
 d - a scroll of amnesia {unknown}
 e - 5 scrolls of identify {unknown}
 f - 2 scrolls of enchant armour {unknown}
 i - 5 scrolls of immolation {unknown}
 k - 2 scrolls of silence {unknown}
 l - a scroll of magic mapping {unknown}
 o - 2 scrolls of enchant weapon {unknown}
 p - 3 scrolls of teleportation {unknown}
 t - a scroll of summoning {unknown}
 u - a scroll of noise {unknown}
Potions
 j - a potion of flight
 q - 2 potions of curing
 x - a potion of degeneration {unknown}


   Skills:
 + Level 4.4 Fighting
 * Level 4.8 Axes
 + Level 5.8 Armour
 + Level 5.4 Shields


You had 6 spell levels left.
You didn't know any spells.
Your spell library contained the following spells:

 Spells                   Type           Power      Damage    Failure   Level
 Beastly Appendage        Tmut           0%         N/A       92%         1
 Freeze                   Ice            0%         1d3       92%         1
 Magic Dart               Conj           0%         1d3       92%         1
 Call Imp                 Summ           0%         N/A       98%         2
 Sublimation of Blood     Necr           0%         N/A       98%         2
 Wereblood                Tmut           0%         N/A       98%         2
 Frozen Ramparts          Ice            0%         1d1       100%        3
 Hailstorm                Conj/Ice       0%         3d3       100%        3
 Ignite Poison            Fire/Tmut/Pois 0%         N/A       100%        3
 Mephitic Cloud           Conj/Pois/Air  0%         N/A       100%        3
 Spider Form              Tmut/Pois      0%         N/A       100%        3
 Manifold Assault         Tloc           0%         N/A       100%        4
 Petrify                  Tmut/Erth      0%         N/A       100%        4
 Sticky Flame             Conj/Fire      0%         2d3       100%        4
 Irradiate                Conj/Tmut      0%         3d11      100%        5
 Summon Forest            Summ/Tloc      0%         N/A       100%        5
 Summon Mana Viper        Hex/Summ       0%         N/A       100%        5
 Dispersal                Tloc           0%         N/A       100%        6
 Summon Cactus Giant      Summ           0%         N/A       100%        6
 Disjunction              Tloc           0%         N/A       100%        8
 Ignition                 Fire           0%         3d3       100%        8


Dungeon Overview and Level Annotations

Branches:
Dungeon (5/15)             Temple (0/1) D:4

Altars:
Okawaru
Ru
Sif Muna
Wu Jian
Xom


Innate Abilities, Weirdness & Mutations

You are completely covered in rugged brown scales. (AC +3, +7% HP)
Armour fits poorly on your strangely shaped body.
You have a long armoured tail.
You roll when moving toward enemies. (Rampage)
Your long tongue fully drains potion bottles. (2x potion effects)
Your tongue gives you trouble enunciating. (1.5x scroll delay)
Your magical capacity is low. (-10% MP)
Your muscles are strong. (Str +4, Int/Dex -1)
You are vulnerable to heat. (rF-)


Message History

You kill Edmund!
The ufetubus hits you but does no damage.
The ufetubus barely misses you.
You slash the ufetubus!
You kill the ufetubus!
The hound bites you but does no damage.
You closely miss the hound. The hound bites you but does no damage.
You block the hound's attack.
You slash the hound!
The hound is almost dead.
The hound barely misses you. You block the hound's attack.
You barely miss the hound.
The hound is almost dead.
The hound closely misses you. The hound bites you but does no damage.
You slash the hound!
You kill the hound!
The acid dragon spits acid at you. The splash of acid hits you!!
* * * LOW HITPOINT WARNING * * *
You roll towards the acid dragon!
You closely miss the acid dragon. You block the acid dragon's attack.
The acid dragon claws you.
* * * LOW HITPOINT WARNING * * *
The acid dragon bites you.
* * * LOW HITPOINT WARNING * * *
The acid dragon completely misses you.
You slash the acid dragon!
The acid dragon is moderately wounded.
The acid dragon bites you.
* * * LOW HITPOINT WARNING * * *
The acid dragon claws you.
* * * LOW HITPOINT WARNING * * *
You barely miss the acid dragon. You tail-slap the acid dragon.
The acid dragon is moderately wounded.
A lurking horror comes into view.
The acid dragon barely misses you.
The acid dragon claws you but does no damage.
You slash the acid dragon! You tail-slap the acid dragon.
The acid dragon is almost dead.
The acid dragon bites you.
You die...

# #..#.# #
#.##.# #
##.##.#
#..##.#
#.###.#
#.# .# #.#
##### #.#
...!..##@#
.*......D#
.../...###
.......
.......
..<....
......#
...)..
......


You could see an acid dragon and a lurking horror.

Vanquished Creatures
  Edmund (D:5)
  A water moccasin (D:4)
  An ogre (D:5)
  2 orc priests (D:4)
  2 hounds
  Terence (D:2)
  2 iguanas (D:4)
  2 orc wizards (D:4)
  Robin (D:3)
  10 gnolls
  8 adders
  An ufetubus (D:5)
  A worm (D:2)
  A dart slug (D:1)
  11 orcs
  9 endoplasms
  2 giant cockroaches
  13 goblins
  11 hobgoblins
  7 jackals
  4 quokkas
  2 ball pythons
  9 bats
  3 frilled lizards (D:1)
  5 kobolds
  7 rats
117 creatures vanquished.

Vanquished Creatures (others)
  21 plants (D:2)
21 creatures vanquished.

Grand Total: 138 creatures vanquished

Notes
Turn   | Place    | Note
-------+----------+-------------------------------------------
     0 | D:1      | cheesebisquit the Armataur Fighter began the quest for the
                  | Orb.
     0 | D:1      | Reached XP level 1. HP: 19/19 MP: 1/1
   209 | D:1      | Reached XP level 2. HP: 4/26 MP: 2/2
   408 | D:1      | Found a faded altar of an unknown god.
   441 | D:1      | Reached XP level 3. HP: 22/32 MP: 3/3
   976 | D:2      | Reached XP level 4. HP: 40/40 MP: 4/4
  1394 | D:2      | Noticed Terence
  1404 | D:2      | Killed Terence
  1405 | D:2      | Reached XP level 5. HP: 44/48 MP: 5/5
  1842 | D:3      | Found an ornate altar of the Wu Jian Council.
  1968 | D:3      | Noticed Robin
  1993 | D:3      | Killed Robin
  2169 | D:3      | Found a sacrificial altar of Ru.
  2169 | D:3      | Found an iron altar of Okawaru.
  2495 | D:3      | HP: 1/48 [adder (2)]
  2684 | D:4      | Reached XP level 6. HP: 38/54 MP: 6/6
  2999 | D:4      | Found a staircase to the Ecumenical Temple.
  3043 | D:4      | Found a shimmering blue altar of Sif Muna.
  3062 | D:4      | Noticed a water moccasin
  3071 | D:4      | Killed a water moccasin
  3072 | D:4      | Reached skill level 5 in Armour
  3204 | D:4      | Found a shimmering altar of Xom.
  3422 | D:4      | Gained mutation: Your magical capacity is low. (-10% MP)
                  | [potion of mutation]
  3422 | D:4      | Gained mutation: You are dopey. (Int -2) [potion of
                  | mutation]
  3422 | D:4      | Gained mutation: You have hidden genetic defects. [potion
                  | of mutation]
  3422 | D:4      | Gained mutation: You are vulnerable to heat. (rF-) [potion
                  | of mutation]
  3422 | D:4      | Lost mutation: You are dopey. (Int -2) [potion of mutation]
  3422 | D:4      | Gained mutation: Your muscles are strong. (Str +4, Int/Dex
                  | -1) [potion of mutation]
  3422 | D:4      | Lost mutation: You have hidden genetic defects. [potion of
                  | mutation]
  3432 | D:4      | Reached XP level 7. HP: 15/63 MP: 6/6
  3647 | D:4      | Reached skill level 5 in Shields
  3961 | D:5      | Entered Level 5 of the Dungeon
  4379 | D:5      | Noticed Edmund
  4393 | D:5      | Killed Edmund
  4400 | D:5      | HP: 2/64 [acid dragon (3)]
  4402 | D:5      | Slain by an acid dragon

Illustrated notes

Levels and vault maps discovered:
D:1:      evilmike_arrival_fibonacci_small, layout_loops_ring,
          hellmonk_ecumenical_altar_leap_of_faith
D:2:      wad_woods_settlement, layout_basic, minmay_octomino_c4, uniq_terence
D:3:      layout_basic, pdpol_wu_jian_five_deadly_venoms,
          mainiacjoe_overflow_divided_tiny, fountainhead, uniq_robin
D:4:      layout_cave_pods, mainiacjoe_overflow_24_doors, xom_confusion_cloud,
          minmay_temple_entry_from_below_a
D:5:      layout_basic, nicolae_vehumet_radiance, gammafunk_ghost_nasty_kobolds,
          serial_shops, shop, amcnicky_altar_lugonu_corruption, uniq_grinder,
          uniq_edmund

Skill      XL: |  1  2  3  4  5  6  7 |
---------------+----------------------+-----
Axes           | 2 3 4 |  4.8
Armour         | 4 5 |  5.8
Fighting       | 3 4 |  4.4
Shields        | 4 5 |  5.4

Action                     |  1- 3 |  4- 6 |  7- 9 || total
---------------------------+-------+-------+-------++-------
  Melee: War axe           |   114 |   165 |    59 ||   338
         Tailslap          |    13 |    26 |     9 ||    48
    Use: Potion            |     1 |     6 |       ||     7
   Stab: Invisible         |       |     1 |       ||     1
 Armour: Scale mail        |    86 |    38 |       ||   124
         Chain mail        |       |    73 |    24 ||    97
  Dodge: Dodged            |    58 |    56 |    22 ||   136
  Block: Buckler           |    21 |    36 |    15 ||    72

Table legend: (Time is in decaauts)
 A = Elapsed time spent in this place.
 B = Non-inter-level travel time spent in this place.
 C = Inter-level travel time spent in this place.
 D = Time resting spent in this place.
 E = Time spent auto-exploring this place.
 F = Levels seen in this place.
 G = Mean time per level.
                   A        B        C        D        E       F      G
               +--------+--------+--------+--------+--------+-----+--------+
         Total |   4534 |   4342 |    192 |    209 |   3273 |   5 |  906.8 |
       Dungeon |   4534 |   4342 |    192 |    209 |   3273 |   5 |  906.8 |
               +--------+--------+--------+--------+--------+-----+--------+

Top non-repeatable levels by time:
     D:4: 1460 daAuts
     D:2: 983 daAuts
     D:3: 886 daAuts
     D:1: 870 daAuts
     D:5: 335 daAuts
